3L
BUCKHEAD BOWTIES @ MONTANA PANDAS
08/02/2031
 
TOP OF THE 1ST
Buckhead Bowties batting - Pitching for Montana Pandas : RHP Matt Harris
Pitching: RHP Matt Harris
Batting: LHB José Valéncia 0-0: Ball
1-0: Called Strike
1-1: Foul Ball, location: 2F
1-2: SINGLE (Groundball, 4MD)
Batting: RHB Raúl Ruíz 0-0: Ball
1-0: Called Strike
1-1: Ball
2-1: Grounds into double play, 5-4-3 (Groundball, 56)
Batting: RHB Derek Bangert 0-0: Called Strike
0-1: Ball
1-1: Ball
2-1: SINGLE (Line Drive, 56D)
Batting: SHB Seishiro Nishimura 0-0: SINGLE (Flyball, 8LS)
Derek Bangert to second
Runner from 2nd tries for 3rd, SAFE, no throw
Batting: LHB Yu-zeng Si 0-0: Called Strike
0-1: Ball
1-1: Ball
2-1: Fly out, F8 (Flyball, 8RD)
Top of the 1st over - 0 runs, 3 hits, 0 errors, 2 left on base; Buckhead 0 - Montana 0
BOTTOM OF THE 1ST
Montana Pandas batting - Pitching for Buckhead Bowties : LHP António Castillo
Pitching: LHP António Castillo
Batting: RHB Kade Knowles 0-0: Called Strike
0-1: Foul Ball, location: 2F
0-2: DOUBLE (Line Drive, 7LM)
Batting: RHB Joe Craig 0-0: Ball
1-0: Called Strike
1-1: Ground out 5-3 (Groundball, 56S)
Kade Knowles to third
Batting: LHB José León 0-0: Called Strike
0-1: Called Strike
0-2: Foul Ball, location: 2F
0-2: Ball
1-2: Ground out U3 (Groundball, 34S)
Kade Knowles scores
Batting: RHB Pedro Morales 0-0: Foul Ball, location: 2F
0-1: Ball
1-1: Ball
2-1: Called Strike
2-2: Strikes out looking
Bottom of the 1st over - 1 run, 1 hit, 0 errors, 0 left on base; Buckhead 0 - Montana 1
TOP OF THE 2ND
Buckhead Bowties batting - Pitching for Montana Pandas : RHP Matt Harris
Batting: RHB Kevin Baxter 0-0: Ball
1-0: Called Strike
1-1: SINGLE (Flyball, 7LM)
Batting: RHB Todd Sentell 0-0: Ball
1-0: Ball
2-0: Foul Ball, location: 2F
2-1: Ball
3-1: Base on Balls
Kevin Baxter to second
Batting: RHB Mesa Altuve 0-0: Ball
1-0: Ball
2-0: SINGLE (Line Drive, 6MD)
Kevin Baxter to third
Todd Sentell to second
Runner from 3rd tries for Home, SAFE, no throw
Batting: RHB Gabriel Maldonado 0-0: Ball
1-0: Swinging Strike
1-1: Foul Ball, location: 2F
1-2: Ball
2-2: Strikes out swinging
Batting: LHB José Valéncia 0-0: Ball
1-0: Called Strike
1-1: Swinging Strike
1-2: Foul Ball, location: 2F
1-2: Ball
2-2: SINGLE (Line Drive, 4)
Todd Sentell to third
Mesa Altuve to second
Batting: RHB Raúl Ruíz 0-0: Grounds into double play, 4-6-3 (Groundball, 34)
Top of the 2nd over - 1 run, 3 hits, 0 errors, 2 left on base; Buckhead 1 - Montana 1
BOTTOM OF THE 2ND
Montana Pandas batting - Pitching for Buckhead Bowties : LHP António Castillo
Batting: LHB Chris McKinney 0-0: Called Strike
0-1: Ball
1-1: Fly out, F9 (Flyball, 89S)
Batting: RHB Juan Aguirre 0-0: Called Strike
0-1: Ball
1-1: DOUBLE (Flyball, 78XD)
Batting: LHB Miguel Gazivoda 0-0: Called Strike
0-1: Foul Ball, location: 2F
0-2: Ball
1-2: Ball
2-2: Strikes out swinging
Batting: RHB Lytle Creek 0-0: Ball
1-0: Ball
2-0: SINGLE (Line Drive, 8LS)
Juan Aguirre to third
Runner from 3rd tries for Home, SAFE, no throw
Batting: RHB José Palácios 0-0: Fielders Choice at 2nd, 6-4 (Groundball, 6)
Bottom of the 2nd over - 1 run, 2 hits, 0 errors, 1 left on base; Buckhead 1 - Montana 2
TOP OF THE 3RD
Buckhead Bowties batting - Pitching for Montana Pandas : RHP Matt Harris
Batting: RHB Derek Bangert 0-0: Fly out, F7 (Flyball, 7S)
Batting: SHB Seishiro Nishimura 0-0: Ground out 5-3 (Groundball, 56S)
Batting: LHB Yu-zeng Si 0-0: SINGLE (Line Drive, 4M)
Batting: RHB Kevin Baxter 0-0: Called Strike
0-1: Ball
1-1: Ground out 1-3 (Groundball, 13S)
Top of the 3rd over - 0 runs, 1 hit, 0 errors, 1 left on base; Buckhead 1 - Montana 2
BOTTOM OF THE 3RD
Montana Pandas batting - Pitching for Buckhead Bowties : LHP António Castillo
Batting: RHB Kade Knowles 0-0: Ball
1-0: Called Strike
1-1: Ball
2-1: Ball
3-1: Base on Balls
Batting: RHB Joe Craig 0-0: Called Strike
0-1: Foul Ball, location: 2F
0-2: Strikes out looking
Batting: LHB José León 0-0: Ball
1-0: Ball
2-0: Fielders Choice at 2nd, 4-6 (Groundball, 4D)
Batting: RHB Pedro Morales 0-0: Ball
1-0: Fly out, F9 (Flyball, 9D)
Bottom of the 3rd over - 0 runs, 0 hits, 0 errors, 1 left on base; Buckhead 1 - Montana 2
TOP OF THE 4TH
Buckhead Bowties batting - Pitching for Montana Pandas : RHP Matt Harris
Batting: RHB Todd Sentell 0-0: Fly out, F9 (Line Drive, 9)
Batting: RHB Mesa Altuve 0-0: Called Strike
0-1: Ball
1-1: Ball
2-1: Foul Ball, location: 2F
2-2: Foul Ball, location: 2F
2-2: Ground out 5-3 (Groundball, 56S)
Batting: RHB Gabriel Maldonado 0-0: Ball
1-0: Ball
2-0: Ball
3-0: Base on Balls
Pitching: LHP Zalontae Hillary
Batting: LHB José Valéncia 0-0: Ball
1-0: SINGLE (Line Drive, 8RS)
Gabriel Maldonado to second
Batting: RHB Raúl Ruíz 0-0: Called Strike
0-1: Ball
1-1: Foul Ball, location: 2F
1-2: Fly out, F8 (Flyball, 8RXD)
Top of the 4th over - 0 runs, 1 hit, 0 errors, 2 left on base; Buckhead 1 - Montana 2
BOTTOM OF THE 4TH
Montana Pandas batting - Pitching for Buckhead Bowties : LHP António Castillo
Batting: LHB Chris McKinney 0-0: Foul Ball, location: 2F
0-1: Called Strike
0-2: Ball
1-2: Foul Ball, location: 2F
1-2: Ball
2-2: Strikes out swinging
Batting: RHB Juan Aguirre 0-0: Foul Ball, location: 2F
0-1: SINGLE (Groundball, 56D)
Batting: LHB Miguel Gazivoda 0-0: Ball
1-0: Called Strike
1-1: Called Strike
1-2: Ball
Wild Pitch!
Juan Aguirre to second
2-2: Ball
3-2: Ground out 4-3 (Groundball, 4)
Juan Aguirre to third
Batting: RHB Lytle Creek 0-0: Foul Ball, location: 2F
0-1: Ball
1-1: DOUBLE (Line Drive, 7LM)
Juan Aguirre scores
Batting: RHB José Palácios 0-0: Ball
1-0: Ball
2-0: Ball
3-0: Called Strike
3-1: Fly out, F9 (Flyball, 9LS)
Bottom of the 4th over - 1 run, 2 hits, 0 errors, 1 left on base; Buckhead 1 - Montana 3
TOP OF THE 5TH
Buckhead Bowties batting - Pitching for Montana Pandas : LHP Zalontae Hillary
Batting: RHB Derek Bangert 0-0: Ball
1-0: Foul Ball, location: 2F
1-1: SINGLE (Groundball, 56D)
Batting: SHB Seishiro Nishimura 0-0: Ball
1-0: Ground out U3 (Groundball, 34S)
Derek Bangert to second
Batting: LHB Yu-zeng Si 0-0: Ball
1-0: Swinging Strike
1-1: Called Strike
1-2: Fly out, F8 (Line Drive, 8RM)
Batting: RHB Kevin Baxter 0-0: SINGLE (Flyball, 89S)
Derek Bangert to third
Runner from 3rd tries for Home, SAFE, no throw
Batting: RHB Todd Sentell 0-0: Called Strike
0-1: Ball
1-1: Ground out 6-3 (Groundball, 6S)
Top of the 5th over - 1 run, 2 hits, 0 errors, 1 left on base; Buckhead 2 - Montana 3
BOTTOM OF THE 5TH
Montana Pandas batting - Pitching for Buckhead Bowties : LHP António Castillo
Batting: RHB Kade Knowles 0-0: Ball
1-0: DOUBLE (Groundball, 5L)
Batting: RHB Joe Craig 0-0: Called Strike
0-1: SINGLE (Groundball, 4MD)
Kade Knowles to third
Batting: LHB José León 0-0: Swinging Strike
0-1: Foul Ball, location: 2F
0-2: Ball
1-2: Foul Ball, location: 2F
1-2: Strikes out looking
Batting: RHB Pedro Morales 0-0: Foul Ball, location: 2F
0-1: Foul Ball, location: 2F
0-2: Ball
1-2: Strikes out swinging
Batting: LHB Chris McKinney 0-0: Ball
1-0: Ball
2-0: Ball
3-0: Called Strike
3-1: Fly out, F8 (Flyball, 8LM)
Bottom of the 5th over - 0 runs, 2 hits, 0 errors, 2 left on base; Buckhead 2 - Montana 3
TOP OF THE 6TH
Buckhead Bowties batting - Pitching for Montana Pandas : LHP Zalontae Hillary
Batting: RHB Mesa Altuve 0-0: Called Strike
0-1: Fly out, F7 (Line Drive, 7S)
Batting: RHB Gabriel Maldonado 0-0: Foul Ball, location: 2F
0-1: Ball
1-1: SINGLE (Line Drive, 7S)
Batting: LHB José Valéncia 0-0: Ball
1-0: Called Strike
1-1: Ball
2-1: Ball
3-1: Called Strike
3-2: Fielders Choice at 2nd, 1-4 (Groundball, 15S)
Batting: RHB Raúl Ruíz 0-0: Called Strike
José Valéncia is caught stealing 2nd base
Top of the 6th over - 0 runs, 1 hit, 0 errors, 0 left on base; Buckhead 2 - Montana 3
BOTTOM OF THE 6TH
Montana Pandas batting - Pitching for Buckhead Bowties : LHP António Castillo
Batting: RHB Juan Aguirre 0-0: Foul Ball, location: 2F
0-1: Foul Ball, location: 2F
0-2: Ball
1-2: Foul Ball, location: 2F
1-2: Ground out 4-3 (Groundball, 4)
Batting: LHB Miguel Gazivoda 0-0: Ball
1-0: Foul Ball, location: 2F
1-1: Ground out 4-3 (Groundball, 4)
Batting: RHB Lytle Creek 0-0: Ball
1-0: Ball
2-0: Ball
3-0: Base on Balls
Batting: RHB José Palácios 0-0: Called Strike
0-1: Foul Ball, location: 2F
0-2: Ball
1-2: Foul Ball, location: 2F
1-2: Fielders Choice at 2nd, 6-4 (Groundball, 6)
Bottom of the 6th over - 0 runs, 0 hits, 0 errors, 1 left on base; Buckhead 2 - Montana 3
TOP OF THE 7TH
Buckhead Bowties batting - Pitching for Montana Pandas : LHP Zalontae Hillary
Batting: RHB Raúl Ruíz 0-0: Ball
1-0: Fly out, F6 (Line Drive, 6)
Batting: RHB Derek Bangert 0-0: Swinging Strike
0-1: Ball
1-1: Ball
2-1: Ball
3-1: Swinging Strike
3-2: Foul Ball, location: 2F
3-2: Base on Balls
Batting: SHB Seishiro Nishimura 0-0: Ball
1-0: Foul Ball, location: 2F
1-1: 2-RUN HOME RUN (Line Drive, 9LD), Distance : 321 ft
Pitching: RHP António Rodríguez
Batting: LHB Yu-zeng Si 0-0: DOUBLE (Flyball, 89XD)
Batting: RHB Kevin Baxter 0-0: SINGLE (Line Drive, 6MD)
Yu-zeng Si to third
Runner from 3rd tries for Home, SAFE, no throw
Batting: RHB Todd Sentell 0-0: Ball
1-0: Fly out, F5 (Line Drive, 5)
Batting: RHB Mesa Altuve 0-0: Foul Ball, location: 2F
0-1: Called Strike
0-2: Ball
1-2: Ball
2-2: Foul Ball, location: 2F
2-2: Strikes out swinging
Top of the 7th over - 3 runs, 3 hits, 0 errors, 1 left on base; Buckhead 5 - Montana 3
BOTTOM OF THE 7TH
Montana Pandas batting - Pitching for Buckhead Bowties : LHP António Castillo
Batting: RHB Kade Knowles 0-0: Foul Ball, location: 2F
0-1: Ground out 5-3 (Groundball, 56)
Batting: RHB Joe Craig 0-0: SINGLE (Line Drive, 9S)
Batting: LHB José León 0-0: Ball
1-0: Swinging Strike
1-1: Ball
2-1: Foul Ball, location: 2F
2-2: Ball
3-2: Fly out, F8 (Flyball, 8LS)
Batting: RHB Pedro Morales 0-0: Ball
1-0: Fielders Choice at 2nd, 6-4 (Groundball, 6)
Bottom of the 7th over - 0 runs, 1 hit, 0 errors, 1 left on base; Buckhead 5 - Montana 3
TOP OF THE 8TH
Buckhead Bowties batting - Pitching for Montana Pandas : RHP António Rodríguez
Batting: RHB Gabriel Maldonado 0-0: Ball
1-0: Called Strike
1-1: Ball
2-1: Called Strike
2-2: Foul Ball, location: 2F
2-2: Ball
3-2: Foul Ball, location: 2F
3-2: Fly out, F9 (Flyball, 9S)
Batting: LHB José Valéncia 0-0: SINGLE (Line Drive, 4M)
Batting: RHB Raúl Ruíz 0-0: Called Strike
0-1: Swinging Strike
0-2: Ball
1-2: Strikes out swinging
José Valéncia steals 2nd base
Batter strikes out.
Batting: RHB Derek Bangert 0-0: Ball
1-0: Ball
2-0: Ball
3-0: Base on Balls
Batting: SHB Seishiro Nishimura 0-0: Ball
1-0: Ball
2-0: DOUBLE (Line Drive, 78S)
José Valéncia scores
Derek Bangert to third
Runner from 3rd tries for Home, SAFE, no throw
Pitching: RHP Sukejuro Yokoyama
Batting: LHB Yu-zeng Si 0-0: Ground out 3-1 (Groundball, 34S)
Top of the 8th over - 2 runs, 2 hits, 0 errors, 1 left on base; Buckhead 7 - Montana 3
BOTTOM OF THE 8TH
Montana Pandas batting - Pitching for Buckhead Bowties : LHP António Castillo
Batting: LHB Chris McKinney 0-0: Ball
1-0: Ball
2-0: Ball
3-0: Called Strike
3-1: Called Strike
3-2: Strikes out swinging
Batting: RHB Juan Aguirre 0-0: Called Strike
0-1: Ball
1-1: Ball
2-1: Ball
3-1: Fly out, F2 (Popup, 23F)
Batting: LHB Miguel Gazivoda 0-0: Ground out 6-3 (Groundball, 6)
Bottom of the 8th over - 0 runs, 0 hits, 0 errors, 0 left on base; Buckhead 7 - Montana 3
TOP OF THE 9TH
Buckhead Bowties batting - Pitching for Montana Pandas : RHP Sukejuro Yokoyama
Batting: RHB Kevin Baxter 0-0: Swinging Strike
0-1: Hit by Pitch
Batting: RHB Todd Sentell 0-0: Ball
1-0: Ball
2-0: Foul Ball, location: 2F
2-1: Swinging Strike
2-2: Foul Ball, location: 2F
2-2: Strikes out swinging
Batting: RHB Mesa Altuve 0-0: Ball
1-0: Called Strike
1-1: Ball
2-1: Ball
3-1: Called Strike
3-2: Strikes out swinging
Batting: RHB Gabriel Maldonado 0-0: Ball
1-0: Foul Ball, location: 2F
1-1: Ball
2-1: Foul Ball, location: 2F
2-2: Ball
3-2: Foul Ball, location: 2F
3-2: Ground out 6-3 (Groundball, 6)
Top of the 9th over - 0 runs, 0 hits, 0 errors, 1 left on base; Buckhead 7 - Montana 3
BOTTOM OF THE 9TH
Montana Pandas batting - Pitching for Buckhead Bowties : LHP António Castillo
Batting: RHB Lytle Creek 0-0: Called Strike
0-1: Ball
1-1: Foul Ball, location: 2F
1-2: SOLO HOME RUN (Flyball, 7LD), Distance : 322 ft
Pitching: RHP Tomás Vargas
Batting: RHB José Palácios 0-0: Ball
1-0: Foul Ball, location: 2F
1-1: Ground out 6-3 (Groundball, 6)
Batting: RHB Kade Knowles 0-0: Ball
1-0: Ground out 3-1 (Groundball, 34S)
Batting: RHB Joe Craig 0-0: Called Strike
0-1: Ball
1-1: Ball
2-1: Ball
3-1: Foul Ball, location: 2F
3-2: Base on Balls
Batting: LHB José León Pickoff Throw to First - Out!
Bottom of the 9th over - 1 run, 1 hit, 0 errors, 0 left on base; Buckhead 7 - Montana 4
Tuesday, June 12th, 2018 - OOTP Baseball 18.8 Build 76